 Dungeon Crawl Stone Soup version 0.30-a0-50-gb2d611f6b1 (webtiles) character file.

Game seed: 6802648211866904871

753 timneilson the Covered (level 7, -1/44 HPs)
             Began as a Gargoyle Fighter on Sept 3, 2022.
             Was an Initiate of Okawaru.
             Slain by a black bear (6 damage)
             ... on level 4 of the Dungeon.
             The game lasted 00:06:55 (5090 turns).

timneilson the Covered (Gargoyle Fighter)           Turns: 5090, Time: 00:06:56

Health: -1/44      AC: 16    Str: 22    XL:     7   Next: 79%
Magic:  6/8        EV: 13    Int:  8    God:    Okawaru [......]
Gold:   265        SH:  7    Dex: 15    Spells: 6/6 levels left

rFire   . . .      SeeInvis .    a - +0 long sword
rCold   . . .      Faith    .    c - +0 buckler
rNeg    + . .      Spirit   .    b - +0 scale mail
rPois   ∞          Reflect  .    j - +0 helmet
rElec   +          Harm     .    (no cloak)
rCorr   .          Rampage  .    n - +0 pair of gloves
Will    .....                    (no boots)
Stlth   ++........               (no amulet)
HPRegen 0.14/turn                h - +6 ring of dexterity
MPRegen 0.11/turn                (no ring)

@: heroic
A: sickness immunity, AC +4, negative energy resistance 1, electricity
resistance, torment resistance 1, petrification resistance
a: Renounce Religion


You were on level 4 of the Dungeon.
You worshipped Okawaru.
Okawaru was noncommittal.
You visited 2 branches of the dungeon, and saw 5 of its levels.

You collected 265 gold pieces.

Inventory:

Hand Weapons
 a - a +0 long sword (weapon)
Armour
 b - a +0 scale mail (worn)
 c - a +0 buckler (worn)
 e - a +0 plate armour
 j - a +0 helmet (worn)
 n - a +0 pair of gloves (worn)
Jewellery
 h - a +6 ring of dexterity (left hand)
Wands
 o - a wand of flame (25)
Scrolls
 g - a scroll of blinking
 i - 3 scrolls of magic mapping
 k - a scroll of teleportation
 p - a scroll of amnesia {unknown}
Potions
 d - a potion of might
 f - 2 potions of attraction
 l - a potion of magic {unknown}
 m - a potion of mutation {unknown}
 q - a potion of lignification {unknown}


   Skills:
 + Level 4.4(9.4) Fighting
 * Level 4.0(9.0) Long Blades
 * Level 5.5(10.5) Armour
 + Level 2.0(7.0) Dodging
 * Level 5.4(10.4) Shields
 + Level 1.5 Invocations
 + Level 0.8 Evocations


You had 6 spell levels left.
You didn't know any spells.
Your spell library contained the following spells:

 Spells                   Type           Power      Damage    Failure   Level
 Magic Dart               Conj           0%         1d3       75%         1
 Searing Ray              Conj           0%         2d4       86%         2
 Confusing Touch          Hex            0%         N/A       98%         3
 Fulminant Prism          Conj/Hex       0%         3d6       100%        4
 Yara's Violent Unravell  Hex/Tmut       0%         3d3       100%        5
 Enfeeble                 Hex            0%         N/A       100%        7
 Summon Small Mammal      Summ           Unusable   N/A       N/A         1
 Call Canine Familiar     Summ           Unusable   N/A       N/A         3
 Summon Guardian Golem    Hex/Summ       Unusable   N/A       N/A         3

Dungeon Overview and Level Annotations

Branches:
Dungeon (4/15)             Temple (1/1) D:4

Altars:
Ashenzari
Cheibriados
Dithmenos
Elyvilon
Fedhas
Gozag
Hepliaklqana
Kikubaaqudgha
Makhleb
Nemelex Xobeh
Okawaru
Ru
Sif Muna
Trog
Uskayaw
Vehumet
Wu Jian
Xom
Yredelemnul
Zin
The Shining One

Shops:
D:1 [   D:3 :


Innate Abilities, Weirdness & Mutations

You are immune to sickness and miasma.
Your stone body is resilient. (AC +4)
You are immune to poison.
You resist negative energy. (rN+)
You are resistant to electric shocks. (rElec)
You are resistant to unholy torment.
You are immune to petrification.


Message History

You barely miss the black bear.
The black bear is heavily wounded.
You block the black bear's attack. x2
The black bear claws you but does no damage.
You barely miss the black bear.
The black bear is heavily wounded.
The black bear barely misses you.
The black bear claws you but does no damage.
The black bear barely misses you.
You hit the black bear.
The black bear is severely wounded.
The black bear bites you.
The black bear claws you but does no damage.
The black bear closely misses you.
You hit the black bear.
The black bear is almost dead.
The black bear bites you.
The black bear claws you but does no damage. x2
You barely miss the black bear.
The black bear is almost dead.
You feel like a meek peon again.
The black bear goes berserk!
You closely miss the black bear.
The black bear is severely wounded.
The black bear bites you!
* * * LOW HITPOINT WARNING * * *
You block the black bear's attack. x2
The black bear bites you but does no damage.
You block the black bear's attack. The black bear claws you.
* * * LOW HITPOINT WARNING * * *
You gain the combat prowess of a mighty hero.
You can no longer gain great but temporary skills.
The black bear bites you.
* * * LOW HITPOINT WARNING * * *
The black bear claws you but does no damage. x2
Unknown command.
You slash the black bear!
The black bear is almost dead.
The black bear bites you.
You die...

.......#.###....#...##...##
.........#.........####...#
............#..#...###...##
#..............##..##..###
...............##...##..##
................#......).#
#......##...##.......))..#
##.........###......##...#...
#.............h@............
#...........#.....###.....###
##...........###...#~~~~~~~~~# .
#...[.[.......##...#~#.....#~#..
.....<......#####...~.......~...
.............#..##..~.......~...
....................~...>...~...
....................~.......~...
....................~.......~..#


You could see a black bear (berserk).

Vanquished Creatures
  Grinder (D:4)
  Edmund (D:4)
  Duvessa (D:4)
  Dowan (D:4)
  A gnoll bouda (D:4)
  A hound (D:4)
  An iguana (D:4)
  Robin (D:2)
  7 gnolls
  4 adders
  2 worms
  A dart slug (D:1)
  6 orcs
  3 bats
  3 endoplasms (D:1)
  A giant cockroach (D:3)
  19 goblins
  8 hobgoblins
  11 jackals
  7 quokkas
  6 ball pythons
  A frilled lizard (D:2)
  10 kobolds
  3 rats
100 creatures vanquished.

Notes
Turn   | Place    | Note
-------+----------+-------------------------------------------
     0 | D:1      | timneilson the Gargoyle Fighter began the quest for the
                  | Orb.
     0 | D:1      | Reached XP level 1. HP: 14/14 MP: 1/1
   440 | D:1      | Reached XP level 2. HP: 19/19 MP: 2/2
   910 | D:1      | Found Aghial's Armour Shoppe.
   927 | D:1      | Reached XP level 3. HP: 19/23 MP: 3/3
  1488 | D:2      | Found a broken altar of Ashenzari.
  1616 | D:2      | Found a faded altar of an unknown god.
  1696 | D:2      | Reached XP level 4. HP: 25/28 MP: 4/4
  2198 | D:2      | Noticed Robin
  2218 | D:2      | Killed Robin
  2385 | D:2      | Reached XP level 5. HP: 33/33 MP: 5/5
  2450 | D:2      | Reached skill level 1 in Dodging
  2572 | D:3      | Found Orodwymu's Book Shop.
  3571 | D:4      | Noticed a black bear
  3672 | D:4      | Noticed Duvessa
  3691 | D:4      | Noticed Dowan
  3792 | D:4      | Killed Duvessa
  3793 | D:4      | Reached XP level 6. HP: 27/38 MP: 6/6
  3809 | D:4      | Killed Dowan
  3859 | D:4      | Found a staircase to the Ecumenical Temple.
  3876 | Temple   | Entered the Ecumenical Temple
  4479 | Temple   | Became a worshipper of Warmaster Okawaru
  4543 | D:4      | Noticed Edmund
  4569 | D:4      | Killed Edmund
  4570 | D:4      | Reached skill level 5 in Armour
  4570 | D:4      | Reached skill level 5 in Shields
  4570 | D:4      | Reached XP level 7. HP: 27/43 MP: 7/7
  4615 | D:4      | Noticed Grinder
  4619 | D:4      | Paralysed by Grinder for 3 turns
  4638 | D:4      | Paralysed by Grinder for 4 turns
  4651 | D:4      | Killed Grinder
  4651 | D:4      | Reached * piety under Okawaru
  4652 | D:4      | Reached skill level 1 in Invocations
  5090 | D:4      | Slain by a black bear

Illustrated notes

Levels and vault maps discovered:
D:1:      nzn_arrival_water_spiral, layout_rooms, serial_shops,
          nicolae_shop_advertising_works [nicolae_subvault_shop_adworks],
          minmay_3d_cube
D:2:      layout_loops_cross, basic_altar, shapermc_ecumenical_altar_flowoftime,
          wad_floor_pattern_2, minmay_large_rounded_square, uniq_robin
D:3:      layout_basic, serial_shops, shop
D:4:      layout_cave_pools, minmay_temple_entry_water_ring,
          kennysheep_generic_room_4, uniq_duvessa, uniq_grinder, uniq_edmund
Temple:   mainiacjoe_temple_trianglar_array

Skill      XL: |  1  2  3  4  5  6  7 |
---------------+----------------------+-----
Long Blades    | 2 3 4 |  4.0
Shields        | 4 5 |  5.4
Armour         | 4 5 |  5.5
Dodging        | 1 2 |  2.0
Fighting       | 4 |  4.4
Invocations    | 1 |  1.5
Evocations     | |  0.8

Action                   |  1- 3 |  4- 6 |  7- 9 || total
-------------------------+-------+-------+-------++-------
Melee: Long sword        |   153 |   220 |    81 ||   454
Invok: Heroism           |       |       |     3 ||     3
  Use: Scroll            |     3 |     5 |       ||     8
       Potion            |       |     2 |     5 ||     7
Armor: Scale mail        |   115 |   108 |    39 ||   262
Dodge: Dodged            |    95 |   101 |    38 ||   234
Block: Buckler           |    32 |    49 |    29 ||   110

Table legend: (Time is in decaauts)
 A = Elapsed time spent in this place.
 B = Non-inter-level travel time spent in this place.
 C = Inter-level travel time spent in this place.
 D = Time resting spent in this place.
 E = Time spent auto-exploring this place.
 F = Levels seen in this place.
 G = Mean time per level.
                   A        B        C        D        E       F      G
               +--------+--------+--------+--------+--------+-----+--------+
         Total |   5226 |   5035 |    191 |    375 |   3564 |   5 | 1045.2 |
       Dungeon |   4585 |   4470 |    115 |    375 |   3002 |   4 | 1146.2 |
        Temple |    640 |    564 |     76 |      0 |    562 |   1 |  640.0 |
               +--------+--------+--------+--------+--------+-----+--------+

Top non-repeatable levels by time:
     D:1: 1427 daAuts
     D:3: 1318 daAuts
     D:2: 1118 daAuts
     D:4: 721 daAuts
  Temple: 640 daAuts
